 Dungeon Crawl Stone Soup version 0.31-a0-202-g547052bce9 (webtiles) character file.

Game seed: 15715534821009756862

3640 qw the Skirmisher (level 9, -7/54 HPs)
             Began as a Deep Elf Hunter on June 26, 2023.
             Mangled by a manticore (11 damage)
             ... on level 8 of the Dungeon.
             The game lasted 00:02:11 (4974 turns).

qw the Skirmisher (Deep Elf Hunter)                 Turns: 4974, Time: 00:02:11

Health: -7/54      AC:  9    Str: 12    XL:     9   Next: 88%
Magic:  11/11      EV: 13    Int: 15    God:
Gold:   367        SH:  0    Dex: 18    Spells: 8/8 levels left

rFire   + . .        b - +2 shortbow (heavy)
rCold   . . .        (shield currently unavailable)
rNeg    . . .        l - +2 scale mail {rF+}
rPois   .            (no helmet)
rElec   .            (no cloak)
rCorr   .            m - +0 pair of gloves
SInv    .            (no boots)
Will    .....        c - amulet of regeneration
Stlth   +            (no ring)
HPRegen 1.09/turn    (no ring)
MPRegen 0.12/turn

%: no passive effects
@: no status effects
A: no striking features
a: no special abilities


You were on level 8 of the Dungeon.
You visited 2 branches of the dungeon, and saw 9 of its levels.
You also visited: Sewer.

You collected 367 gold pieces.


   Skills:
 + Level 5.3 Fighting
 - Level 14.0 Ranged Weapons
 - Level 3.1 Armour
 - Level 8.3 Dodging
 - Level 1.2 Stealth


You had 8 spell levels left.
You didn't know any spells.
Your spell library was empty.

Inventory:

Hand Weapons
 b - a +2 heavy shortbow (weapon)
Armour
 l - a +2 scale mail of fire resistance (worn)
 m - a +0 pair of gloves (worn)
Jewellery
 c - an amulet of regeneration (around neck)
Scrolls
 g - 2 scrolls of identify
Potions
 a - a potion of resistance
 f - a potion of mutation
 h - 3 potions of haste
 i - a potion of curing
 k - a potion of might

Dungeon Overview and Level Annotations

Branches:
Dungeon (8/15)             Temple (1/1) D:5           Sewer (visited)
   Lair: D:8-11

Altars:
Cheibriados
Dithmenos
Elyvilon
Fedhas
Gozag
Kikubaaqudgha
Makhleb
Qazlal
Ru
Sif Muna
Uskayaw
Vehumet
Wu Jian
Xom
Yredelemnul
The Shining One

Annotations:
D:4 4 runed translucent doors


Message History

The manticore is lightly wounded.
You shoot an arrow. The arrow hits the manticore.
The manticore is lightly wounded.
The manticore flicks its tail.
The volley of spikes hits you!!
The barbed spikes become lodged in your body.
An orc warrior comes into view. It is wielding a +0 war axe.
You shoot an arrow. The arrow hits the orc!
You kill the orc!
An orc priest comes into view. It is wielding a +0 mace.
An orc comes into view. It is wielding a +0 dagger.
The manticore flicks its tail.
The volley of spikes hits you.
The barbed spikes become lodged in your body.
You shoot an arrow.
The arrow completely misses the manticore.
You shoot an arrow. The arrow hits the manticore!!
The manticore is moderately wounded.
The orc priest invokes the aid of Beogh against you.
Pain shoots through your body!
The manticore flicks its tail.
The volley of spikes misses you.
You shoot an arrow. The arrow closely misses the manticore.
The manticore flicks its tail.
The volley of spikes misses you.
You shoot an arrow.
The arrow closely misses the orc warrior.
You shoot an arrow. The arrow closely misses the manticore.
The arrow barely misses the orc priest.
You carefully extract the barbed spikes from your body.
The orc priest mumbles some strange prayers to Beogh against you.
Beogh smites you!
The orc warrior hits you with a +0 war axe.
The manticore bites you but does no damage.
The manticore claws you. x2
You shoot an arrow. The arrow hits the manticore.
The manticore is heavily wounded.
The orc warrior hits you but does no damage.
The manticore bites you!
You die...

...##########
............#
............#
............#
............#
............#
............#
...$..o@....#######.
.....oH#####<.......
......o #........
....... #........
....).. #........
....... #........
....... #........
....... #........
#........


You could see a manticore, an orc warrior, an orc priest and an orc.

Vanquished Creatures
  Prince Ribbit (D:7)
  Grinder (D:4)
  Sigmund (D:2)
  A human (D:7)
  A wyvern (D:7)
  4 hogs (D:7)
  A steam dragon (D:4)
  2 water moccasins
  2 orc warriors
  2 sky beasts (D:5)
  An ice beast (D:6)
  A black bear (D:6)
  An ogre (D:5)
  A centaur (D:7)
  2 phantoms
  A bullfrog (D:7)
  A gnoll sergeant (D:6)
  3 scorpions
  4 howler monkeys
  4 jellies
  3 hounds
  Jessica (D:2)
  3 orc wizards (D:5)
  10 gnolls
  7 adders
  3 ufetubi
  2 dart slugs (D:1)
  16 orcs
  10 bats
  9 endoplasms
  3 giant cockroaches
  8 hobgoblins
  4 jackals (D:1)
  6 kobolds
  5 quokkas
  6 ball pythons
  8 frilled lizards (Sewer)
  10 goblins
  6 rats
155 creatures vanquished.

Vanquished Creatures (collateral kills)
  A worm (D:3)
1 creature vanquished.

Grand Total: 156 creatures vanquished

Notes
Turn   | Place    | Note
-------+----------+-------------------------------------------
     0 | D:1      | qw the Deep Elf Hunter began the quest for the Orb.
     0 | D:1      | Reached XP level 1. HP: 12/12 MP: 3/3
     0 | D:1      | 0 ||| qw: Version: 0.3-a-22-g0ed2b0b
     0 | D:1      | 0 ||| qw: Game counter: 5818
     0 | D:1      | 0 ||| qw: Melee chars always use a shield: true
     0 | D:1      | 0 ||| qw: God list: Okawaru
     0 | D:1      | 0 ||| qw: Allow faded altars: false
     0 | D:1      | 0 ||| qw: Do Orc after clearing Dungeon:15 true
     0 | D:1      | 0 ||| qw: Do second Lair branch before Depths: true
     0 | D:1      | 0 ||| qw: Lair rune preference: random
     0 | D:1      | 0 ||| qw: Goals: Normal
     0 | D:1      | 0 ||| PLANNING D:1-11
    98 | D:1      | 98 ||| Stepping ~*~*~tactically~*~*~ (outnumbered).
   106 | D:1      | Reached skill level 6 in Ranged Weapons
   106 | D:1      | Reached XP level 2. HP: 15/16 MP: 4/4
   297 | D:1      | Reached XP level 3. HP: 10/20 MP: 5/5
   305 | D:1      | 305 ||| FLEEEEING.
   310 | D:1      | 310 ||| FLEEEEING.
   458 | D:1      | Reached skill level 7 in Ranged Weapons
   542 | D:1      | 542 ||| UPGRADING to +0 ring mail.
   552 | D:1      | 552 ||| DROPPING +0 leather armour.
   553 | D:1      | 553 ||| UPGRADING to amulet of the acrobat.
   558 | D:1      | 558 ||| READING scroll labelled QEBIWAU UVUHO.
   559 | D:1      | 559 ||| READING scroll labelled KOUSME CICIEC.
   560 | D:1      | 560 ||| READING scroll labelled ZONGUITEUKK.
   661 | D:1      | 661 ||| READING scroll labelled HURRAM ITROU.
   666 | D:1      | 666 ||| DROPPING scroll of butterflies.
   868 | D:2      | Noticed Sigmund
   872 | D:2      | 872 ||| FLEEEEING.
   873 | D:2      | 873 ||| FLEEEEING.
   874 | D:2      | 874 ||| FLEEEEING.
   885 | D:2      | Killed Sigmund
   886 | D:2      | Reached skill level 9 in Ranged Weapons
   886 | D:2      | Reached XP level 4. HP: 21/25 MP: 6/6
   886 | D:2      | Reached XP level 5. HP: 25/29 MP: 7/7
  1214 | D:2      | Noticed Jessica
  1219 | D:2      | Killed Jessica
  1304 | D:2      | 1304 ||| READING scroll labelled YMEILO YGUL.
  1305 | D:2      | 1305 ||| READING scroll labelled EFIAXKOCET.
  1306 | D:2      | 1306 ||| READING scroll labelled YMMYFI KIFO.
  1307 | D:2      | 1307 ||| DRINKING 2 golden potions.
  1411 | D:2      | 1411 ||| READING 2 scrolls of identify.
  1411 | D:2      | 1411 ||| IDENTIFYING bubbling dark potion
  1412 | D:2      | 1412 ||| DROPPING potion of berserk rage.
  1427 | D:3      | 1427 ||| PLANNING SEWER
  1560 | D:3      | 1560 ||| READING scroll of enchant weapon.
  1560 | D:3      | 1560 ||| ENCHANTING +0 heavy shortbow.
  1599 | D:3      | Reached XP level 6. HP: 35/35 MP: 8/8
  1663 | D:3      | Found a blossoming altar of Fedhas.
  1719 | D:3      | Found a glowing drain.
  1720 | D:3      | 1720 ||| READING scroll labelled MEQEMN QALEAZONI.
  1721 | D:3      | 1721 ||| READING 3 scrolls of identify.
  1721 | D:3      | 1721 ||| IDENTIFYING blue potion
  1722 | D:3      | 1722 ||| READING 2 scrolls of identify.
  1722 | D:3      | 1722 ||| IDENTIFYING silvery potion
  1723 | D:3      | 1723 ||| DROPPING potion of invisibility.
  1738 | Sewer    | Entered a sewer
  1757 | Sewer    | 1757 ||| Stepping ~*~*~tactically~*~*~ (water).
  1760 | Sewer    | 1760 ||| Stepping ~*~*~tactically~*~*~ (water).
  1818 | Sewer    | 1818 ||| Stepping ~*~*~tactically~*~*~ (water).
  1957 | Sewer    | 1957 ||| Stepping ~*~*~tactically~*~*~ (water).
  1980 | Sewer    | 1980 ||| READING scroll labelled ZYULUAWIYDE.
  1981 | Sewer    | 1981 ||| READING 2 scrolls labelled GIS JAHAIFEIV.
  1982 | Sewer    | 1982 ||| READING scroll of enchant armour.
  1982 | Sewer    | 1982 ||| ENCHANTING +0 ring mail.
  1983 | Sewer    | 1983 ||| DRINKING 2 bubbling purple potions.
  1984 | Sewer    | 1984 ||| READING 3 scrolls of identify.
  1984 | Sewer    | 1984 ||| IDENTIFYING fuming silvery potion
  2030 | D:3      | 2030 ||| PLANNING D:1-11
  2361 | D:3      | 2361 ||| READING scroll labelled OHIROY BEUTUWN.
  2444 | D:4      | Reached skill level 10 in Ranged Weapons
  2449 | D:4      | Found a large runed translucent door.
  2449 | D:4      | Found a large runed translucent door.
  2451 | D:4      | Found a large runed translucent door.
  2451 | D:4      | Found a large runed translucent door.
  2496 | D:4      | Reached skill level 3 in Dodging
  2510 | D:4      | Noticed a steam dragon
  2513 | D:4      | HP: 8/35 [steam dragon/ball of steam (10)]
  2514 | D:4      | 2514 ||| READING 2 scrolls of teleportation.
  2515 | D:4      | 2515 ||| DRINKING 2 potions of heal wounds.
  2516 | D:4      | Killed a steam dragon
  2517 | D:4      | Reached XP level 7. HP: 29/40 MP: 9/9
  2547 | D:4      | Reached skill level 11 in Ranged Weapons
  2690 | D:4      | 2690 ||| READING scroll of enchant weapon.
  2690 | D:4      | 2690 ||| ENCHANTING +1 heavy shortbow.
  2715 | D:4      | Noticed Grinder
  2727 | D:4      | Killed Grinder
  2983 | D:4      | Reached skill level 12 in Ranged Weapons
  3007 | D:4      | Reached skill level 1 in Armour
  3043 | D:4      | 3043 ||| DROPPING +0 shortbow of draining.
  3075 | D:4      | 3075 ||| UPGRADING to amulet of regeneration.
  3085 | D:4      | 3085 ||| DROPPING amulet of the acrobat.
  3086 | D:4      | 3086 ||| READING 3 scrolls of identify.
  3086 | D:4      | 3086 ||| IDENTIFYING green potion
  3087 | D:4      | 3087 ||| READING 2 scrolls of identify.
  3087 | D:4      | 3087 ||| IDENTIFYING white potion
  3088 | D:4      | 3088 ||| DROPPING potion of degeneration.
  3109 | D:5      | Entered Level 5 of the Dungeon
  3206 | D:5      | Found a staircase to the Ecumenical Temple.
  3207 | D:5      | 3207 ||| PLANNING TEMPLE
  3215 | Temple   | Entered the Ecumenical Temple
  3228 | Temple   | 3228 ||| PLANNING D:1-11
  3300 | D:5      | Reached XP level 8. HP: 38/45 MP: 10/10
  3342 | D:5      | Reached skill level 3 in Fighting
  3579 | D:5      | Reached skill level 13 in Ranged Weapons
  3713 | D:5      | 3713 ||| DROPPING amulet of guardian spirit.
  3714 | D:5      | 3714 ||| READING 2 scrolls of identify.
  3714 | D:5      | 3714 ||| IDENTIFYING bubbling silvery potion
  3715 | D:5      | 3715 ||| DROPPING potion of attraction.
  3742 | D:6      | 3742 ||| STAIRDANCE
  3958 | D:6      | Reached skill level 14 in Ranged Weapons
  4072 | D:6      | Reached XP level 9. HP: 51/51 MP: 11/11
  4199 | D:6      | 4199 ||| Stepping ~*~*~tactically~*~*~ (outnumbered).
  4201 | D:6      | 4201 ||| Stepping ~*~*~tactically~*~*~ (outnumbered).
  4209 | D:6      | HP: 13/52 [gnoll/+0 halberd[a gnoll sergeant] (6)]
  4210 | D:6      | 4210 ||| READING 2 scrolls of teleportation.
  4211 | D:6      | HP: 6/52 [gnoll/+1 heavy flail[a gnoll sergeant] (10)]
  4212 | D:6      | 4212 ||| DRINKING 2 potions of heal wounds.
  4321 | D:6      | 4321 ||| READING scroll labelled PUSSONOPSO.
  4322 | D:6      | 4322 ||| READING scroll labelled WOOCEO JULO.
  4323 | D:6      | 4323 ||| DRINKING 2 sapphire potions.
  4328 | D:6      | 4328 ||| READING 2 scrolls of identify.
  4328 | D:6      | 4328 ||| IDENTIFYING inky potion
  4329 | D:6      | 4329 ||| DROPPING potion of ambrosia.
  4331 | D:6      | 4331 ||| Stepping ~*~*~tactically~*~*~ (cloud).
  4413 | D:7      | Reached skill level 6 in Dodging
  4416 | D:7      | 4416 ||| FLEEEEING.
  4417 | D:7      | 4417 ||| FLEEEEING.
  4418 | D:7      | 4418 ||| FLEEEEING.
  4419 | D:7      | 4419 ||| FLEEEEING.
  4761 | D:7      | Noticed Prince Ribbit
  4761 | D:7      | HP: 13/52 [hog (5)]
  4762 | D:7      | 4762 ||| READING scroll of teleportation.
  4762 | D:7      | HP: 5/52 [hog (5)]
  4763 | D:7      | 4763 ||| DRINKING potion of heal wounds.
  4850 | D:7      | Killed Prince Ribbit
  4890 | D:7      | 4890 ||| UPGRADING to +2 scale mail of fire resistance.
  4900 | D:7      | 4900 ||| DROPPING +1 ring mail.
  4901 | D:7      | 4901 ||| UPGRADING to +0 pair of gloves.
  4934 | D:8      | 4934 ||| STAIRDANCE
  4938 | D:7      | Reached skill level 3 in Armour
  4965 | D:8      | Noticed a manticore
  4973 | D:8      | HP: 9/54 [orc warrior/+0 war axe (6)]
  4973 | D:8      | HP: 2/54 [manticore (6)]
  4974 | D:8      | Mangled by a manticore

Levels and vault maps discovered:
D:1:      dpeg_arrival_tiny_a, layout_basic
D:2:      layout_basic, st_stairs_13, uniq_sigmund, uniq_jessica
D:3:      layout_loops_ring, fedhas_altar_2, cheibrodos_sewer_entry_bend,
          kennysheep_minor_cross
D:4:      layout_basic, minmay_hollow_rounded_squares, uniq_grinder
D:5:      layout_gridville, lemuel_temple_firewalk_a, minmay_misc_feat_rugged
D:6:      layout_basic, dk_noncrumbling_3, bh_walls_and_bars
D:7:      layout_rooms, grunt_livestock, uniq_prince_ribbit1
D:8:      layout_gridville, lair_entry_dummy
Temple:   hellmonk_temple_two_chambers

Skill      XL: |  1  2  3  4  5  6  7  8  9 |
---------------+----------------------------+-----
Ranged Weapons | 6 9 10 12 14 | 14.0
Fighting       | 2 3 5 |  5.3
Dodging        | 3 5 8 |  8.3
Armour         | 1 3 |  3.1
Stealth        | |  1.2

Action                     |  1- 3 |  4- 6 |  7- 9 || total
---------------------------+-------+-------+-------++-------
   Fire: Shortbow          |   107 |    95 |   218 ||   420
    Use: Scroll            |     4 |    14 |     9 ||    27
         Potion            |       |     3 |     3 ||     6
 Armour: Leather armour    |    19 |       |       ||    19
         Ring mail         |     4 |     9 |    16 ||    29
         Scale mail        |       |       |     8 ||     8
  Dodge: Dodged            |    43 |    38 |    86 ||   167

Table legend:
 A = Non-vault XP
 B = Vault XP
 C = Vault XP percentage of total XP
 D = Non-vault monster count
 E = Vault monster count
 F = Vault count percentage of total count
                 A         B        C        D         E       F
            +---------+---------+-------+---------+---------+-------
      Total |    2813 |    2388 |  45.9 |     120 |      36 |  23.1
            +---------+---------+-------+---------+---------+-------
        D:1 |      63 |       0 |   0.0 |      28 |       0 |   0.0
        D:2 |      33 |     270 |  89.1 |      13 |       3 |  18.8
        D:3 |      30 |       5 |  14.3 |      16 |       1 |   5.9
        D:4 |     117 |     790 |  87.1 |       9 |      12 |  57.1
        D:5 |     899 |       0 |   0.0 |      22 |       0 |   0.0
        D:6 |     882 |       0 |   0.0 |      16 |       0 |   0.0
        D:7 |     744 |    1259 |  62.9 |      14 |       6 |  30.0
        D:8 |      45 |       0 |   0.0 |       2 |       0 |   0.0
      Sewer |       0 |      64 | 100.0 |       0 |      14 | 100.0
            +---------+---------+-------+---------+---------+-------
